 Dungeon Crawl Stone Soup version 0.15.0-18-g9076a4f (webtiles) character file.

12119 Medar the Basher (level 11, 0/150 HPs)
             Began as a Naga Wanderer on Sept 6, 2014.
             Was a Priest of Cheibriados.
             Slain by a spiny frog (2 damage)
             ... on Level 3 of the Lair of Beasts.
             The game lasted 01:20:03 (20136 turns).

Medar the Basher (Naga Wanderer)                   Turns: 20136, Time: 01:20:04

HP   0/150       AC 16     Str 26      XL: 11   Next: 88%
MP  15/21        EV  6     Int 23      God: Cheibriados [***...]
Gold 628         SH  0     Dex 21      Spells:  1 memorised,  9 levels left

rFire  + . .     SeeInvis +     a - +0 dire flail
rCold  . . .     Clarity  .     i - +2 chain mail {rF+}
rNeg   . . .     rCorr    .     (no shield)
rPois  +         rRot     .     r - +1 hat
rElec  .         Spirit   .     (no cloak)
SustAb .         Warding  .     M - +0 pair of gloves
rMut   .         Stasis   .     (no barding)
Gourm  .                        (no amulet)
MR     +....                    (no ring)
                                u - +3 ring of protection

@: berserking (expiring), lethally poisoned, very slightly contaminated, very
slow, somewhat resistant to hostile enchantments, extremely unstealthy
A: spit poison, see invisible, deformed body, poison resistance, slowness 2, AC
+3
a: Spit Poison, Bend Time, Temporal Distortion, Renounce Religion


You were on level 3 of the Lair of Beasts.
You worshipped Cheibriados.
Cheibriados was most pleased with you.
You were hungry.

You visited 3 branches of the dungeon, and saw 12 of its levels.

You collected 628 gold pieces.

Inventory:

Hand weapons
 a - a +0 dire flail (weapon)
 b - a +3 hand crossbow
 c - a +0 blowgun
 w - a +2 shortbow of flaming
 J - a +0 hand crossbow of freezing
 P - the +7 quarterstaff "Pheenaz" {freeze, rC+ Dex-2}
   (You found it on level 2 of the Lair of Beasts)

   It has been specially enchanted to freeze those struck by it, causing extra
   injury to most foes and up to double damage against particularly susceptible
   opponents.
   It can also slow down cold-blooded creatures.
   It affects your dexterity (-2).
   It protects you from cold.
Missiles
 d - 8 bolts
 e - 219 arrows
 k - 7 bolts of flame
 l - 7 poisoned arrows
 n - 4 javelins (quivered)
 q - 44 poisoned needles
 A - 8 needles of confusion
 G - a throwing net {=f =F}
Armour
 i - a +2 chain mail of fire resistance (worn)
 r - a +1 hat (worn)
 M - a +0 pair of gloves (worn)
 N - a +2 chain mail of magic resistance
Magical devices
 p - a wand of polymorph (9)
 t - a wand of digging (7)
 y - a wand of slowing (5)
 L - a wand of draining (2)
Comestibles
 f - 9 bread rations
 E - 4 meat rations
 Q - a rotting chunk of green rat flesh
 R - a royal jelly
 S - a rotting chunk of green rat flesh
 T - a beef jerky
Scrolls
 m - a scroll of enchant weapon
 s - a scroll of fog
 v - a scroll of immolation
 x - a scroll of amnesia
 B - 4 scrolls of magic mapping
 I - a scroll of enchant armour
Jewellery
 g - an uncursed ring of fire
 u - a +3 ring of protection (left hand)
Potions
 h - 2 potions of brilliance
 z - 2 potions of flight
 D - a potion of magic
Books
 F - a book of Maledictions

   Spells                             Type                      Level
   Corona                             Hexes                        1
   Sure Blade                         Hexes/Charms                 2
   Ensorcelled Hibernation            Hexes/Ice                    2
   Confuse                            Hexes                        3
   Dazzling Spray                     Conjuration/Hexes            3
   Enslavement                        Hexes                        4
Magical staves
 C - an uncursed staff of conjuration {!a}
Miscellaneous
 O - a fan of gales (inert)


   Skills:
 - Level 7.1 Fighting
 - Level 14.0 Maces & Flails
 - Level 4.0 Crossbows
 - Level 1.0 Throwing
 - Level 4.2 Armour
 - Level 4.0 Stealth
   Level 1.0 Necromancy
 - Level 2.0 Air Magic
 + Level 6.9 Invocations


You had 9 spell levels left.
You knew the following spells:

 Your Spells              Type           Power        Failure   Level  Hunger
x - Shock                 Conj/Air       #...         61%         1    ##.....


Dungeon Overview and Level Annotations

Branches:
Dungeon (8/15)             Temple (1/1) D:4            Lair (3/8) D:8
  Swamp: Lair:3-6    Shoals: Lair:3-6     Snake: Lair:3-6    Spider: Lair:3-6

Altars:
Ashenzari
Cheibriados
Dithmenos
Elyvilon
Fedhas
Kikubaaqudgha
Makhleb
Nemelex Xobeh
Okawaru
Qazlal
Sif Muna
Trog
Vehumet
Xom
Yredelemnul
Zin
The Shining One

Shops:
D:4 %

Annotations:
D:3 Gravenous' ghost, weakling GrSu
D:8 vault with a rod, exclusion: door


Innate Abilities, Weirdness & Mutations

You cannot wear boots.
You can spit poison.
Your serpentine skin is tough (AC +3).
You have supernaturally acute eyesight.
Armour fits poorly on your strangely shaped body.
Your system is resistant to poisons.
You cover ground very slowly.


Message History

You are feeling hungry.
* * * LOW HITPOINT WARNING * * *
You feel sick.
Drink which item? (? for menu, Esc to quit)
Okay, then.
Okay, then.
Drink which item? (? for menu, Esc to quit)
A red film seems to cover your vision as you go berserk!
Cheibriados protects you from inadvertent hurry.
You feel mighty!
It was a potion of berserk rage.
* * * LOW HITPOINT WARNING * * *
You feel sick.
You feel a strong urge to attack something.
A spiny frog comes into view.
* * * LOW HITPOINT WARNING * * *
You feel sick.
The spiny frog gives a loud, deep croak!
* * * LOW HITPOINT WARNING * * *
You feel sick. The spiny frog stings you.
You die...

...............##
................# .
.%.%.%%........## ..#
.........%......# ..#..
................##......
........##P.#...........
#.......######.#.#......
. ........# ##..F..# ...
........# ##@##..# ..#..
........# #..## ..#...
........## #...# .....
.........# ##..# ...#
.........## ##F# ###..#
........#.# #F## #....#
........### ##.## #..#
#.#.P...# #..# ##.#
###.##### #r####..##


You could see 3 spiny frogs.

Vanquished Creatures
  A hydra (Lair:3)
  The ghost of Kex the Grappler, an experienced TrMo of Makhleb (Lair:2)
  The ghost of dadoka the Unseen, a powerful SpCK of Xom (Lair:3)
  A hill giant (D:8)
  2 spiny frogs (Lair:3)
  A komodo dragon (Lair:1)
  5 blink frogs
  A spriggan (D:7)
  4 fire bats (D:8)
  A hippogriff (D:7)
  11 yaks
  A wyvern (D:8)
  A hungry ghost (D:8)
  3 wargs (D:8)
  A hell hound (D:8)
  A sky beast (D:8)
  2 water moccasins (Lair:1)
  2 porcupines
  An orc warrior (D:8)
  2 ice beasts
  4 centaurs
  2 ogres
  3 big kobolds
  A crocodile (Lair:1)
  8 giant frogs
  2 scorpions
  3 killer bees (D:8)
  3 goliath beetles
  A gnoll shaman (D:4)
  4 crimson imps
  8 orc priests
  2 jellies
  11 orc wizards
  4 iguanas
  7 hounds
  6 worker ants
  Ijyb (D:6)
  A hound skeleton (D:8)
  A steam dragon zombie (D:8)
  17 adders
  9 gnolls
  51 green rats
  A shadow imp (D:8)
  3 worms (D:2)
  A goliath beetle zombie (D:5)
  A giant mite (D:3)
  An inept item mimic (D:6)
  An orc skeleton (D:5)
  4 giant geckos
  3 oozes
  33 orcs
  20 bats
  A bat skeleton (D:4)
  12 hobgoblins
  13 jackals
  5 quokkas
  3 ball pythons
  2 giant cockroaches
  2 giant gecko skeletons (D:4)
  A giant gecko zombie (D:5)
  6 giant newts
  14 goblins
  A goblin skeleton (D:5)
  28 kobolds
  A kobold zombie (D:6)
  13 rats
  A rat zombie (D:7)
363 creatures vanquished.

Vanquished Creatures (collateral kills)
  4 green rats (Lair:3)
4 creatures vanquished.

Vanquished Creatures (others)
  2 fire vortices (D:8)
  A plant (Lair:3)
3 creatures vanquished.

Grand Total: 370 creatures vanquished

Notes
Turn   | Place    | Note
--------------------------------------------------------------
     0 | D:1      | Medar, the Naga Wanderer, began the quest for the Orb.
     0 | D:1      | Reached XP level 1. HP: 21/21 MP: 1/1
   227 | D:1      | Reached XP level 2. HP: 28/28 MP: 2/2
   707 | D:1      | HP: 1/28 [jackal (2)]
  1466 | D:2      | Reached XP level 3. HP: 25/34 MP: 3/3
  1854 | D:2      | Reached XP level 4. HP: 25/42 MP: 4/4
  2763 | D:2      | Reached skill level 4 in Crossbows
  2971 | D:3      | Noticed Gravenous' ghost (weakling GrSu)
  3133 | D:2      | Reached XP level 5. HP: 49/49 MP: 3/5
  4545 | D:3      | Reached XP level 6. HP: 27/57 MP: 6/6
  4802 | D:2      | Noticed a giant frog
  4809 | D:2      | Killed a giant frog
  5132 | D:4      | Reached skill level 5 in Fighting
  5267 | D:4      | Reached skill level 1 in Maces & Flails
  5306 | D:4      | Noticed a phantom
  6581 | D:4      | Reached XP level 7. HP: 54/67 MP: 7/7
  6992 | D:4      | Found Xaodgh's Food Shoppe.
  7125 | D:4      | Found a staircase to the Ecumenical Temple.
  7166 | Temple   | Entered the Ecumenical Temple
  7265 | Temple   | Became a worshipper of Cheibriados the Contemplative
  7283 | D:4      | Noticed an ogre
  7296 | D:4      | Killed an ogre
  7619 | D:5      | Entered Level 5 of the Dungeon
  7969 | D:5      | Reached skill level 5 in Maces & Flails
  8589 | D:5      | Reached XP level 8. HP: 43/74 MP: 8/8
  9040 | D:5      | Reached skill level 6 in Maces & Flails
 10534 | D:6      | Noticed Ijyb
 10552 | D:6      | Killed Ijyb
 10597 | D:6      | Found an iron altar of Okawaru.
 10610 | D:6      | Reached skill level 7 in Maces & Flails
 11378 | D:6      | Reached skill level 1 in Invocations
 12223 | D:7      | Reached skill level 8 in Maces & Flails
 12287 | D:7      | Reached XP level 9. HP: 31/81 MP: 8/12
 12755 | D:7      | Acquired Cheibriados' first power
 12790 | D:7      | Reached skill level 9 in Maces & Flails
 13727 | D:8      | Found a burning altar of Makhleb.
 13761 | D:8      | Reached skill level 10 in Maces & Flails
 13775 | D:8      | Acquired Cheibriados' second power
 14036 | D:8      | Found a staircase to the Lair.
 14346 | D:8      | Reached skill level 5 in Invocations
 14802 | D:8      | Reached XP level 10. HP: 85/88 MP: 18/18
 14953 | D:8      | Reached skill level 11 in Maces & Flails
 15579 | D:8      | Noticed a hill giant
 15592 | D:8      | Killed a hill giant
 15744 | D:8      | Acquired Cheibriados' third power
 16060 | D:8      | Reached skill level 12 in Maces & Flails
 16283 | Lair:1   | Entered Level 1 of the Lair of Beasts
 17132 | Lair:1   | Reached skill level 13 in Maces & Flails
 17156 | Lair:1   | Reached XP level 11. HP: 76/94 MP: 21/21
 17901 | Lair:1   | Reached skill level 14 in Maces & Flails
 18248 | Lair:2   | Noticed Kex's ghost (experienced TrMo)
 18262 | Lair:2   | Killed Kex's ghost
 18617 | Lair:2   | Got a brightly glowing quarterstaff
 18618 | Lair:2   | Identified the cursed +7 quarterstaff "Pheenaz" {freeze, rC+ Dex-2} (You found it on level 2 of the Lair of Beasts)
 19351 | Lair:3   | Noticed an eight-headed hydra
 19361 | Lair:3   | Killed an eight-headed hydra
 19744 | Lair:3   | Noticed dadoka's ghost (powerful SpCK)
 19771 | Lair:3   | Killed dadoka's ghost
 20121 | Lair:3   | Noticed a seven-headed hydra
 20132 | Lair:3   | HP: 4/100 [spiny frog (12)]
 20136 | Lair:3   | Slain by a spiny frog

Action                   |  1- 3 |  4- 6 |  7- 9 | 10-12 || total
-------------------------+-------+-------+-------+-------++-------
Melee: Club              |    14 |   128 |       |       ||   142
       Flail             |       |    89 |   508 |    81 ||   678
       Dire flail        |       |       |       |   347 ||   347
 Fire: Hand crossbow     |    64 |    85 |    40 |     9 ||   198
       Blowgun           |       |       |    37 |     6 ||    43
       Shortbow          |       |       |     2 |       ||     2
Throw: Javelin           |       |       |     3 |    14 ||    17
 Cast: Shock             |       |     3 |       |       ||     3
Invok: Bend Time         |       |       |     1 |     6 ||     7
       Slouch            |       |       |       |     9 ||     9
 Abil: Spit Poison       |    20 |    59 |    54 |    38 ||   171
Evoke: Wand              |       |       |    12 |     4 ||    16
       Fan of gales      |       |       |       |     1 ||     1
  Use: Scroll            |     3 |     5 |     7 |     8 ||    23
       Potion            |     1 |     1 |     6 |     2 ||    10
 Stab: Sleeping          |       |     4 |     3 |       ||     7
       Invisible         |       |       |     2 |       ||     2
       Confused          |       |       |     1 |       ||     1
  Eat: Chunk             |     4 |    15 |    17 |    12 ||    48
       Meat ration       |       |     1 |       |     1 ||     2
       Fruit             |       |       |     4 |       ||     4
       Beef jerky        |       |       |     1 |       ||     1
